 Dungeon Crawl Stone Soup version 0.31.0-11-ge490571c62 (webtiles) character file.

Game seed: 7061117884746275978

8 Aviak the Ruffian (level 2, 21/21 HPs)
             Began as a Demonspawn Shapeshifter on Jan 26, 2024.
             Quit the game on level 1 of the Dungeon.
             The game lasted 00:00:29 (266 turns).

Aviak the Ruffian (Demonspawn Shapeshifter)          Turns: 266, Time: 00:00:30

Health: 21/21      AC:  2    Str: 14    XL:     2   Next: 0%
Magic:  2/2        EV: 12    Int: 10    God:
Gold:   10         SH:  0    Dex: 12    Spells: 1/1 levels left

rFire   . .          .
                       - Unarmed
rCold   . . .        (no shield)
rNeg    . . .        a - +0 animal skin
rPois   .            (helmet currently unavailable)
rElec   .            (cloak currently unavailable)
rCorr   .            (gloves currently unavailable)
SInv    .            (boots currently unavailable)
Will    .....        (no amulet)
Stlth   +            (no ring)
HPRegen 0.23/turn    (no ring)
MPRegen 0.08/turn

%: no passive effects
@: beast-form
A: beast (slay +1), demonic guardian 1
a: Begin Untransformation


You were on level 1 of the Dungeon.
You were a hulking beast.
You visited 1 branch of the dungeon, and saw 1 of its levels.

You collected 10 gold pieces.

Inventory:

Armour
 a - a +0 animal skin (worn)
Talismans
 c - a beast talisman
 d - a flux talisman
Potions
 b - a potion of lignification {!q}


   Skills:
 + Level 1.2 Fighting
 + Level 2.0 Dodging
 + Level 2.8 Unarmed Combat
 + Level 2.8 Shapeshifting


You had one spell level left.
You didn't know any spells.
Your spell library was empty.

Dungeon Overview and Level Annotations

Branches:
Dungeon (1/15)

Altars:


Innate Abilities, Weirdness & Mutations

You are a hulking beast.
Your limbs bulge with bestial killing power. (Slay +1)
A weak demonic guardian rushes to your aid.


Message History

You punch the hobgoblin!
You kill the hobgoblin!
No target in view!
You now have 10 gold pieces.
A frilled lizard comes into view.
Found a sling.
The frilled lizard hisses angrily.
A frilled lizard is nearby!
You closely miss the frilled lizard. You closely miss the frilled lizard.
The frilled lizard closely misses you.
You closely miss the frilled lizard. The frilled lizard barely misses you.
You miss the frilled lizard. The frilled lizard bites you.
You hit the frilled lizard.
You kill the frilled lizard!
No target in view!
A ball python comes into view.
The ball python hisses angrily.
A ball python is nearby!
The ball python closely misses you. The ball python grabs you.
The ball python constricts you. The ball python bites you.
The ball python constricts you.
You closely miss the ball python. The ball python bites you.
The ball python constricts you.
You hit the ball python.
You kill the ball python!
No target in view!
A bat comes into view.
A bat is nearby!
The bat closely misses you. The bat closely misses you.
You hit the bat.
The bat is heavily wounded.
The bat misses you.
You hit the bat.
You kill the bat!
Your Dodging skill increases to level 2!
You have reached level 2!
Your demonic ancestry asserts itself...
You feel the presence of a demonic guardian.
Are you sure you want to abandon this character and quit the game? (Confirm with "yes".)

~#.....# #.#.####.
~#.##### ##..## #.
~#.# # #.##.# #.
.'.# ##. ## ##..##
#. ~###
###.##.####.##.####.
~#
.#.....#.#.....#.#.
~# #.....#
#.....#.#.. ~#
#.....#.#.....#.#..
~#
#h....###...(.###.
~# ##..### ##..###
#. ~# #.##.# #.##.#
#. ##..## ##.)## #.
###.##.####.##.## #.
#.#.....#.#.....# #.
#.....#.#.....#.#..
#.....#.#.....#.#..
##.....###.....###.


There were no monsters in sight!

Vanquished Creatures
  A ball python (D:1)
  A bat (D:1)
  2 goblins (D:1)
  A hobgoblin (D:1)
  A frilled lizard (D:1)
  A kobold (D:1)
7 creatures vanquished.

Notes
Turn   | Place    | Note
-------+----------+-------------------------------------------
     0 | D:1      | Aviak the Demonspawn Shapeshifter began the quest for the
                  | Orb.
     0 | D:1      | Reached XP level 1. HP: 15/15 MP: 1/1
    79 | D:1      | Found a faded altar of an unknown god.
   266 | D:1      | Gained mutation: A weak demonic guardian rushes to your
                  | aid. [demonic ancestry]
   266 | D:1      | Reached XP level 2. HP: 21/21 MP: 2/2
   266 | D:1      | Quit the game

Illustrated notes

Levels and vault maps discovered:
D:1:      lightli_arrival_farm, layout_loops_ring, serial_shops,
          nicolae_shop_drivethru, shapermc_ecumenical_altar_mp_highgroup,
          amcnicky_mini_corridor_feature, nrook_campfire,
          nicolae_houndstooth_variations

Skill      XL: |  1 |
---------------+----+-----
Dodging        | 2 |  2.0
Fighting       | |  1.2
Unarmed Combat | |  2.8
Shapeshifting  | |  2.8

Action                     || total
---------------------------++-------
  Melee: Unarmed           ||    26
 Armour: Animal skin       ||     9
  Dodge: Dodged            ||    15
